 Dungeon Crawl Stone Soup version 0.17-a0-1210-g1e4f09d (webtiles) character file.

81 patman the Cudgeler (level 4, 0/35 HPs)
             Began as a Human Chaos Knight on June 3, 2015.
             Slain by a bat (1 damage)
             ... on level 3 of the Dungeon.
             The game lasted 00:03:21 (1365 turns).

patman the Cudgeler (Human Chaos Knight)            Turns: 1365, Time: 00:03:21

Health: 0/35       AC:  8    Str: 12    XL:     4   Next: 67%
Magic:  4/4        EV:  6    Int: 12    God:    Xom [..*...]
Gold:   134        SH: 10    Dex: 14    Spells: 0 memorised, 3 levels left

rFire  . . .     SeeInvis .     a - +0 mace (chaos)
rCold  . . .     Clarity  .     b - +3 leather armour
rNeg   . . .     SustAt   .     q - +0 large shield
rPois  .         Gourm    .     (no helmet)
rElec  .         Spirit   .     u - +0 cloak
rCorr  .         Warding  .     s - +0 pair of gloves
rMut   .         Stasis   .     (no boots)
MR     .....                    (no amulet)
Stlth  ..........               o - ring of flight
                                m - ring of loudness (curse)

@: not resistant to hostile enchantments, extremely unstealthy
A: no striking features
a: Renounce Religion, Evoke Flight


You were on level 3 of the Dungeon.
You worshipped Xom.
You were a toy of Xom.
You were not hungry.

You visited 1 branch of the dungeon, and saw 3 of its levels.

You collected 134 gold pieces.

Inventory:

Hand weapons
 a - a +0 mace of chaos (weapon)
 l - a +0 scimitar of slicing
 t - a +0 dagger of electrocution
Armour
 b - a +3 leather armour (worn)
 q - a +0 large shield (worn)
 s - a +0 pair of gloves (worn)
 u - a +0 cloak (worn)
Jewellery
 f - an uncursed amulet of stasis
 m - a cursed ring of loudness (left hand)
 o - a ring of flight (right hand)
Potions
 d - 2 potions of heal wounds
 e - 2 potions of invisibility
 g - 2 potions of haste {unknown}
 i - a potion of agility {unknown}
 k - 2 potions of degeneration {unknown}
 n - a potion of poison {unknown}
 p - a potion of might {unknown}
 r - a potion of cancellation {unknown}
 w - a potion of lignification {unknown}
 z - a potion of brilliance {unknown}
Comestibles
 c - 2 bread rations
 h - a slice of pizza
 j - a meat ration
 v - 9 chunks of flesh
 x - a beef jerky


   Skills:
 - Level 3.0 Fighting
 * Level 5.1 Maces & Flails
 - Level 2.0 Armour
 - Level 1.0 Dodging


You had 3 spell levels left.
You didn't know any spells.

Dungeon Overview and Level Annotations

Branches:
Dungeon (3/15)

Altars:
Qazlal


Message History

The giant gecko bites you.
You miss the giant gecko. The bat hits you but does no damage.
The giant gecko bites you. You block the giant gecko's attack.
You hit the giant gecko but do no damage.
The bat barely misses you. The giant gecko bites you.
* * * LOW HITPOINT WARNING * * *
You are too injured to fight recklessly!
You are too injured to fight recklessly!
You hit the giant gecko.
The giant gecko goes berserk!
The giant gecko is heavily wounded.
The bat completely misses you. You block the giant gecko's attack.
The giant gecko bites you.
* * * LOW HITPOINT WARNING * * *
You block the bat's attack. The giant gecko bites you.
* * * LOW HITPOINT WARNING * * *
Your shield prevents you from hitting the giant gecko.
The giant gecko is heavily wounded.
The bat hits you.
You die... "It's all fun and games until someone loses an eye."

......... .
....... .$##......
.........
...#.....
.........########
##.......l#......#
.........@#......#
.#.......b.......#
.................#
................#
.#..........####
....#..........#
.............####
.......####...##
.........#.....#


You could see a giant gecko (berserk) and a bat.

Vanquished Creatures
  An orc priest (D:3)
  An adder (D:2)
  2 worms (D:2)
  A giant gecko (D:1)
  3 orcs (D:3)
  3 giant cockroaches
  4 hobgoblins
  A quokka (D:3)
  4 bats
  3 giant newts
  3 goblins
  5 kobolds
31 creatures vanquished.

Vanquished Creatures (others)
  An adder (D:1)
1 creature vanquished.

Grand Total: 32 creatures vanquished

Notes
Turn   | Place    | Note
--------------------------------------------------------------
     0 | D:1      | patman the Human Chaos Knight began the quest for the Orb.
     0 | D:1      | Reached XP level 1. HP: 18/18 MP: 1/1
   212 | D:1      | Reached XP level 2. HP: 21/24 MP: 2/2
   274 | D:1      | XOM: harmless Hex miscast
   494 | D:2      | Reached skill level 4 in Maces & Flails
   494 | D:2      | Reached XP level 3. HP: 25/29 MP: 3/3
   830 | D:2      | Found a stormy altar of Qazlal.
   975 | D:2      | XOM: divination: magic mapping
  1020 | D:2      | XOM: silly message
  1186 | D:3      | Reached skill level 5 in Maces & Flails
  1186 | D:3      | Reached XP level 4. HP: 33/35 MP: 4/4
  1200 | D:3      | XOM: potion effect (brilliance)
  1364 | D:3      | HP: 1/35 [giant gecko (5)]
  1365 | D:3      | Slain by a bat

Vault maps used:
D:1:      lightli_arrival_flooded_house
D:2:      grunt_qazlal_sundering
D:3:      grunt_gozag_breadcrumbs, cheibriados_altar_1

Action                   |  1- 3 |  4- 6 || total
-------------------------+-------+-------++-------
Melee: Mace              |    90 |    30 ||   120
       Scimitar          |     5 |       ||     5
  Use: Scroll            |     3 |       ||     3
  Eat: Chunk             |     1 |     1 ||     2
